 Dungeon Crawl Stone Soup version 0.32-a0-886-g41c5271027 (webtiles) character file.

Game seed: 8362390877240936497

221 Autsider the Digger (level 5, 0/31 HPs)
             Began as a Gargoyle Earth Elementalist on Apr 2, 2024.
             Incinerated by a bombardier beetle (4 damage)
             ... with a burning spray
             ... on level 4 of the Dungeon.
             The game lasted 00:04:55 (3054 turns).

Autsider the Digger (Gargoyle Earth Elementalist)   Turns: 3054, Time: 00:04:56

Health: 0/31       AC: 15    Str: 12    XL:     5   Next: 98%
Magic:  1/8        EV: 11    Int: 17    God:
Gold:   130        SH:  0    Dex: 10    Spells: 4/8 levels left

rFire   . . .        i - +3 whip (holy)
rCold   . . .        (no shield)
rNeg    + . .        a - +0 robe
rPois   ∞            j - +2 helmet
rElec   +            f - +2 cloak
rCorr   .            (no gloves)
SInv    .            q - +2 pair of boots
Will    .....        (no amulet)
Stlth   +            (no ring)
HPRegen 0.25/turn    (no ring)
MPRegen 0.11/turn

%: no passive effects
@: on fire, glowing
A: sickness immunity, AC +4, negative energy resistance 1, electricity
resistance, torment resistance 1, petrification resistance
a: no special abilities


You were on level 4 of the Dungeon.
You visited 1 branch of the dungeon, and saw 4 of its levels.

You collected 130 gold pieces.

Inventory:

Hand Weapons
 d - a +0 whip of draining
 i - a +3 whip of holy wrath (weapon)
Missiles
 h - 10 poisoned darts
Armour
 a - a +0 robe (worn)
 f - a +2 cloak (worn)
 j - a +2 helmet (worn)
 m - a +0 leather armour
 q - a +2 pair of boots (worn)
Magical Staves
 e - a staff of alchemy
Scrolls
 c - 4 scrolls of identify {unknown}
 l - 2 scrolls of teleportation {@r2}
 n - a scroll of enchant armour {unknown}
 s - a scroll of revelation {unknown}
 t - a scroll of fog {unknown}
Potions
 b - a potion of magic
 g - a potion of lignification {unknown}
 k - 2 potions of degeneration {unknown}
 o - 2 potions of curing {unknown}
 p - a potion of might {unknown}
 r - a potion of cancellation {unknown}


   Skills:
 + Level 2.7 Fighting
 - Level 1.5 Dodging
 - Level 2.1 Stealth
 - Level 2.0 Spellcasting
 + Level 3.1 Conjurations
 * Level 6.1 Earth Magic


You had 4 spell levels left.
You knew the following spells:

 Your Spells              Type           Power      Damage    Failure   Level
a - Sandblast             Erth           44%        2d11      1%          1
b - Stone Arrow           Conj/Erth      34%        3d9       9%          3

Your spell library contained the following spells:

 Spells                   Type           Power      Damage    Failure   Level
 Passwall                 Erth           22%        N/A       4%          3
 Brom's Barrelling Bould  Conj/Erth      17%        2d4       28%         4
 Petrify                  Alch/Erth      12%        N/A       50%         4


Dungeon Overview and Level Annotations

Branches:
Dungeon (4/15)
 Temple: D:4-7

Altars:
Trog

Portals:
Abyss: D:3

Annotations:
D:3 2 transporters, Tanttac's ghost, amateur MfGl


Innate Abilities, Weirdness & Mutations

You are immune to sickness and miasma.
Your stone body is resilient. (AC +4)
You are immune to poison.
You resist negative energy. (rN+)
You are resistant to electric shocks. (rElec)
You are resistant to unholy torment.
You are immune to petrification.


Message History

Aim: a bombardier beetle (almost dead, 90% to hit)
The blast of sand hits the bombardier beetle but does no damage.
The bombardier beetle is almost dead.
The liquid fire burns you!
The bombardier beetle sprays incendiary fluid at you.
The burning spray hits you.
You are even more covered in liquid fire!
Casting: Sandblast (safe; 1% risk of failure)
Confirm with . or Enter, or press ? or * to list all spells.
You don't have enough magic to cast this spell.
Casting: Sandblast (safe; 1% risk of failure)
Confirm with . or Enter, or press ? or * to list all spells.
You don't have enough magic to cast this spell.
You shake off some of the fire as you move.
The liquid fire burns you!
You are too injured to fight recklessly!
You are too injured to fight recklessly!
You are too injured to fight recklessly!
You are too injured to fight recklessly!
You hit the bombardier beetle but do no damage.
The bombardier beetle is almost dead.
The liquid fire burns you!
* * * LOW HITPOINT WARNING * * *
The bombardier beetle sprays incendiary fluid at you.
The burning spray misses you.
You hit the bombardier beetle.
You kill the bombardier beetle!
The liquid fire burns you!
* * * LOW HITPOINT WARNING * * *
Your Earth Magic skill increases to level 6!
You shake off some of the fire as you move.
The liquid fire burns you!
* * * LOW HITPOINT WARNING * * *
Your magical contamination has completely faded away.
You shake off some of the fire as you move.
The liquid fire burns you!
* * * LOW HITPOINT WARNING * * *
You shake off some of the fire as you move.
The liquid fire burns you!
You die...

.........#.#
#.........###..## ..
#...........#...#
#.##.
#....##<...#...##.....
#....#..##............
##....##............
##..##.....#....# ...
##..###.........##...#
#..........@.........#
##.......##.........##
####.....#....###.##
##.##.###..# #
##..#...##..####
#.......##..#..#
#.^.#..........#
##......##....##
###...###.####


There were no monsters in sight!

Vanquished Creatures
  A jelly (D:3)
  A bombardier beetle (D:4)
  Crazy Yiuf (D:2)
  An orc wizard (D:3)
  Robin (D:2)
  2 adders
  3 orcs (D:3)
  5 endoplasms
  5 giant cockroaches
  13 goblins
  5 hobgoblins
  10 jackals
  A quokka (D:2)
  4 ball pythons
  6 bats
  3 frilled lizards (D:3)
  5 kobolds
  5 rats
72 creatures vanquished.

Vanquished Creatures (others)
  An arcanist (D:3)
1 creature vanquished.

Grand Total: 73 creatures vanquished

Notes
Turn   | Place    | Note
-------+----------+-------------------------------------------
     0 | D:1      | Autsider the Gargoyle Earth Elementalist began the quest
                  | for the Orb.
     0 | D:1      | Reached XP level 1. HP: 10/10 MP: 3/3
   364 | D:1      | Reached skill level 4 in Earth Magic
   364 | D:1      | Reached XP level 2. HP: 13/16 MP: 0/5
   915 | D:2      | Reached skill level 1 in Fighting
   981 | D:2      | Reached XP level 3. HP: 14/20 MP: 0/6
  1062 | D:2      | Learned a level 3 spell: Stone Arrow
  1072 | D:2      | Noticed Robin
  1099 | D:2      | Killed Robin
  1308 | D:2      | Reached XP level 4. HP: 25/26 MP: 7/7
  1380 | D:2      | Found a runed translucent door.
  1381 | D:2      | Noticed Crazy Yiuf
  1588 | D:2      | Reached skill level 5 in Earth Magic
  2026 | D:2      | Killed Crazy Yiuf
  2176 | D:3      | Reached XP level 5. HP: 30/30 MP: 6/8
  2198 | D:3      | Noticed a small abomination
  2202 | D:3      | Found a transporter.
  2382 | D:3      | Found a bloodstained altar of Trog.
  2384 | D:3      | Noticed a wizard
  2388 | D:3      | Killed a wizard
  2639 | D:3      | Found a transporter.
  2850 | D:3      | Found a one-way gate to the infinite horrors of the Abyss.
  2886 | D:3      | Found a faded altar of an unknown god.
  3000 | D:3      | Noticed Tanttac's ghost (amateur MfGl)
  3052 | D:4      | Reached skill level 6 in Earth Magic
  3054 | D:4      | Incinerated by a bombardier beetle

Illustrated notes

Levels and vault maps discovered:
D:1:      matt_arrival_refuge, layout_basic
D:2:      layout_basic, grunt_ministairs_14, uniq_crazy_yiuf_cottage, uniq_robin
D:3:      layout_loops_ring, trog_wizard, gammafunk_ghost_abyssal_escape,
          hellmonk_ecumenical_altar_slurped_away
D:4:      layout_cave_pools, uniq_sigmund, uniq_edmund

Skill      XL: |  1  2  3  4  5 |
---------------+----------------+-----
Earth Magic    | 4 5 6 |  6.1
Fighting       | 1 2 |  2.7
Conjurations   | 2 3 |  3.1
Dodging        | |  1.5
Stealth        | |  2.1
Spellcasting   | |  2.0

Action                     |  1- 3 |  4- 6 || total
---------------------------+-------+-------++-------
  Melee: Whip              |    35 |    24 ||    59
         Unarmed           |     8 |       ||     8
   Cast: Sandblast         |    38 |    38 ||    76
         Stone Arrow       |       |     2 ||     2
    Use: Potion            |     1 |       ||     1
         Scroll            |       |     1 ||     1
   Stab: Sleeping          |       |     4 ||     4
 Armour: Robe              |    56 |    20 ||    76
  Dodge: Dodged            |    47 |    43 ||    90

Table legend: (Time is in decaauts)
 A = Elapsed time spent in this place.
 B = Non-inter-level travel time spent in this place.
 C = Inter-level travel time spent in this place.
 D = Time resting spent in this place.
 E = Time spent auto-exploring this place.
 F = Levels seen in this place.
 G = Mean time per level.
                   A        B        C        D        E       F      G
               +--------+--------+--------+--------+--------+-----+--------+
         Total |   3110 |   2883 |    227 |      0 |   2431 |   4 |  777.5 |
       Dungeon |   3110 |   2883 |    227 |      0 |   2431 |   4 |  777.5 |
               +--------+--------+--------+--------+--------+-----+--------+

Top non-repeatable levels by time:
     D:2: 1235 daAuts
     D:1: 922 daAuts
     D:3: 906 daAuts
     D:4: 45 daAuts
